AoeStats
← Training program

Lombardia

507322113Analyzed
2v2 RM · 14d ago on Sep 17, 2026· 46m 34s· 4 players
Game mode
Random Map
Map size
Medium (4 player)
Population
200
Speed
Normal
Resources
Standard
Victory
Conquest
Starting age
Dark Age
Ending age
Imperial Age
RankedLock teamsTeams togetherTeam positionsShared explorationLock speedFull tech treeHidden civsTurbo modeCheats
Victory
Defeat
🇸🇪 Malay · Sweden
914
+14
🇸🇪 Burgundians · Sweden
906
+15
🇨🇿 Japanese · Czechia
890
-42
🇨🇿 Armenians · Czechia
870
-14
Hugh Jazzman
7:25 Double-Bit Axe
12:33 Feudal Age
11:16 Horse Collar
14:33 Bow Saw
14:26 Heavy Plow
19:43 Castle Age
18:26 Gold Mining
21:45 Husbandry
22:39 Forging
24:55 Cavalier
27:26 Wheelbarrow
30:29 Hand Cart
31:18 Town Watch
40:05 Iron Casting
39:36 Scale Barding Armor
39:53 Town Patrol
44:16 Imperial Age
42:13 Chain Barding Armor
41:44 Fletching
42:16 Ballistics
41:52 Murder Holes
41:49 Loom
43:53 Two-Man Saw
44:07 Crop Rotation
45:20 Conscription
44:53 Paladin
47:17 Chemistry
46:17 Bodkin Arrow
47:23 Blast Furnace
Creedz
7:59 Loom
11:08 Feudal Age
10:20 Man-at-Arms
13:31 Wheelbarrow
14:21 Forging
17:45 Double-Bit Axe
19:59 Horse Collar
24:17 Gold Mining
24:17 Stone Mining
24:36 Arson
27:35 Castle Age
29:55 Hand Cart
30:21 Bow Saw
30:35 Long Swordsman
32:32 Town Watch
33:22 Heavy Plow
34:41 Iron Casting
33:56 Fletching
37:22 Imperial Age
35:36 Gold Shaft Mining
35:37 Stone Shaft Mining
36:31 Elite Karambit Warrior
38:22 Conscription
38:49 Ballistics
39:22 Murder Holes
40:01 Crop Rotation
40:40 Blast Furnace
39:35 Bodkin Arrow
40:19 Treadmill Crane
41:24 Forced Levy
41:43 Two-Handed Swordsman
42:41 Squires
43:17 Bracer
43:23 Scale Barding Armor
46:45 Siege Engineers
Spaja
7:49 Loom
10:07 Feudal Age
12:51 Double-Bit Axe
13:31 Horse Collar
14:44 Gold Mining
16:44 Forging
16:27 Fletching
17:40 Padded Archer Armor
21:19 Scale Mail Armor
22:01 Wheelbarrow
24:23 Castle Age
24:42 Forging
25:33 Bow Saw
25:27 Heavy Plow
25:11 Crossbowman
25:37 Pikeman
28:36 Bodkin Arrow
31:34 Iron Casting
32:00 Squires
37:25 Chain Mail Armor
42:17 Leather Archer Armor
44:39 Imperial Age
43:53 Hand Cart
43:54 Town Watch
Training program
5:54 Loom
9:58 Loom
12:28 Feudal Age
13:23 Horse Collar
13:29 Double-Bit Axe
19:04 Forging
25:33 Castle Age
24:00 Man-at-Arms
25:16 Scale Mail Armor
24:50 Long Swordsman
25:29 Gold Mining
26:35 Pikeman
29:38 Bow Saw
30:04 Gold Shaft Mining
30:30 Iron Casting
30:34 Two-Handed Swordsman
34:50 Halberdier
41:09 Town Watch
42:15 Wheelbarrow
43:29 Hand Cart
44:06 Chain Mail Armor
47:42 Imperial Age
Connection lost

Rejoining the realm…

Still unreachable

The connection could not be restored.

Session expired

The server has moved on; the page needs a fresh start.